 Dungeon Sprint DCSS version 0.30-a0-802-gb92711bcdf (webtiles) character file.

Game seed: 15887641672442078349

376 BigDaddyOpFi the Octopoid Catastrophe (level 6, -8/47 HPs)
             Began as an Octopode Fighter on Feb 24, 2023.
             Was an Elder of Qazlal.
             Mangled by a troll (19 damage)
             ... in the Dungeon (Sprint VII: "The Pits").
             The game lasted 00:01:03 (831 turns).

BigDaddyOpFi the Octopoid Catastrophe (OpFi)         Turns: 831, Time: 00:01:04

Health: -8/47      AC:  1    Str: 17    XL:     6   Next: 73%
Magic:  12/12      EV: 14    Int: 11    God:    Qazlal [****..]
Gold:   0          SH: 10    Dex: 11    Spells: 5/5 levels left

rFire   . . .      SeeInvis .    a - +0 war axe
rCold   . . .      Faith    .    b - +0 buckler
rNeg    . . .      Spirit   .    (helmet restricted)
rPois   .          Reflect  .    (no amulet)
rElec   .          Harm     .    (no ring)
rCorr   .          Rampage  .    (no ring)
Will    .....      NoTele   +    (no ring)
Stlth   +                        (no ring)
HPRegen 0.27/turn                (no ring)
MPRegen 0.13/turn                (no ring)
                                 (no ring)
                                 (no ring)

@: repel missiles
A: almost no armour, amphibious, 8 rings, camouflage 1, gelatinous body 1,
(nimble swimmer 1), tentacles
a: Renounce Religion, Upheaval, Elemental Force


You were in the Dungeon.
You worshipped Qazlal.
Qazlal was greatly pleased with you.
You visited 1 branch

Inventory:

Hand Weapons
 a - a +0 war axe (weapon)
Armour
 b - a +0 buckler (worn)
Scrolls
 i - a scroll of blinking
Potions
 c - a potion of might
 d - 5 potions of curing
 e - 5 potions of heal wounds
 f - a potion of haste
 g - 4 potions of magic
 h - 3 potions of berserk rage
 j - 2 potions of invisibility


   Skills:
 + Level 6.5 Fighting
 + Level 6.3 Axes
 + Level 6.4 Dodging
 + Level 6.4 Shields
 * Level 8.2 Invocations


You had 5 spell levels left.
You didn't know any spells.
Your spell library was empty.

Dungeon Overview and Level Annotations

Branches:
Dungeon (1/1)

Altars:
Ashenzari
Cheibriados
Dithmenos
Elyvilon
Fedhas
Gozag
Hepliaklqana
Kikubaaqudgha
Makhleb
Nemelex Xobeh
Okawaru
Qazlal
Ru
Sif Muna
Trog
Uskayaw
Vehumet
Wu Jian
Xom
Yredelemnul
Zin
The Shining One
Jiyva
Lugonu


Innate Abilities, Weirdness & Mutations

You cannot wear most types of armour.
You are amphibious.
You can wear up to eight rings at the same time.
Your skin changes colour to match your surroundings (Stealth+).
Your rubbery body absorbs attacks. (AC +1, EV +1)
((You are camouflaged when in or above water. (Stealth+)))
You have tentacles for arms and can constrict up to eight enemies at once.


Message History

Qazlal accepts your kill.
The storm surrounding you is now powerful enough to repel missiles.
You will now adapt resistances upon receiving elemental damage.
Your Axes skill increases to level 6!
Your Invocations skill increases to level 8!
You start resting.
Magic restored.
You start resting.
HP restored.
You start waiting.
You open the door.
A river rat comes into view.
You slash the river rat! Your grab misses the river rat.
The river rat is severely wounded.
The river rat barely misses you.
You slash the river rat!
You kill the river rat!
Qazlal accepts your kill.
There is an open door, spattered with blood here.
You see here a river rat corpse.
You open the door.
A troll comes into view.
The troll shouts!
You slash the troll!
The troll is moderately wounded.
The troll barely misses you. You block the troll's attack.
The troll claws you but does no damage.
You slash the troll!
The troll is heavily wounded.
You block the troll's attack. x2; The troll claws you.
You hit the troll. You squeeze the troll.
The troll is heavily wounded.
The troll bites you! You block the troll's attack. The troll claws you.
You hit the troll.
You squeeze the troll, but do no damage.
The troll is heavily wounded.
You block the troll's attack. The troll claws you. The troll claws you!
* * * LOW HITPOINT WARNING * * *
The troll bites you!!
You die...

#.#..#[))).##.......#
#'###########.......#
#÷÷.....# #########
#..#.#..# #.##.##.#
#..)....#+#
#.##.##.#.+
#..#.#..#T#
#.......†@#
###########


You could see a troll.

Vanquished Creatures
  A sky beast (D)
  A wolf (D)
  A centaur (D)
  A bullfrog (D)
  2 adders (D)
  A river rat (D)
  3 ufetubi (D)
  An adder skeleton (D)
  A quokka (D)
  A ball python skeleton (D)
  A jackal skeleton (D)
  A quokka zombie (D)
  A rat (D)
16 creatures vanquished.

Notes
Turn   | Place    | Note
-------+----------+-------------------------------------------
     0 | D        | BigDaddyOpFi the Octopode Fighter began the quest for the
                  | Orb.
     0 | D        | Reached XP level 1. HP: 16/16 MP: 1/1
    14 | D        | Reached XP level 2. HP: 12/21 MP: 2/2
    76 | D        | Found a bloodstained altar of Trog.
    76 | D        | Found a shimmering blue altar of Sif Muna.
    76 | D        | Found a viscous altar of Jiyva.
    76 | D        | Found a hazy altar of Hepliaklqana.
    76 | D        | Found an opulent altar of Gozag.
    77 | D        | Found a glowing golden altar of the Shining One.
    77 | D        | Found a glowing silver altar of Zin.
    77 | D        | Found a basalt altar of Yredelemnul.
    77 | D        | Found a shimmering altar of Xom.
    77 | D        | Found an ornate altar of the Wu Jian Council.
    77 | D        | Found a sacrificial altar of Ru.
    77 | D        | Found a stormy altar of Qazlal.
    77 | D        | Found an iron altar of Okawaru.
    77 | D        | Found a sparkling altar of Nemelex Xobeh.
    77 | D        | Found a burning altar of Makhleb.
    77 | D        | Found a blossoming altar of Fedhas.
    77 | D        | Found a white marble altar of Elyvilon.
    77 | D        | Found a shadowy altar of Dithmenos.
    77 | D        | Found a snail-covered altar of Cheibriados.
    79 | D        | Found a corrupted altar of Lugonu.
    79 | D        | Found a radiant altar of Vehumet.
    80 | D        | Found an ancient bone altar of Kikubaaqudgha.
    80 | D        | Found a hide-covered altar of Uskayaw.
    80 | D        | Found a broken altar of Ashenzari.
    83 | D        | Became a worshipper of Qazlal Stormbringer
   214 | D        | Reached * piety under Qazlal
   302 | D        | Noticed a wolf
   311 | D        | Reached skill level 1 in Invocations
   311 | D        | Reached XP level 3. HP: 24/27 MP: 2/4
   339 | D        | Reached ** piety under Qazlal
   343 | D        | Killed a wolf
   344 | D        | Reached skill level 4 in Invocations
   344 | D        | Reached XP level 4. HP: 20/34 MP: 4/7
   348 | D        | Reached skill level 5 in Fighting
   348 | D        | Reached XP level 5. HP: 10/39 MP: 4/8
   491 | D        | Noticed a centaur
   498 | D        | Reached skill level 5 in Dodging
   498 | D        | Reached skill level 5 in Shields
   499 | D        | Noticed a sky beast
   504 | D        | Reached *** piety under Qazlal
   505 | D        | Reached skill level 5 in Axes
   505 | D        | Reached skill level 6 in Invocations
   516 | D        | Killed a sky beast
   517 | D        | Reached skill level 7 in Invocations
   517 | D        | Reached XP level 6. HP: 29/46 MP: 9/11
   746 | D        | Reached **** piety under Qazlal
   747 | D        | Reached skill level 8 in Invocations
   827 | D        | Noticed a troll
   831 | D        | Mangled by a troll

Illustrated notes

Levels and vault maps discovered:
D:        pitsprint [storerooms_1, entrance_room_1, metal_vault_4, armoury_2,
          mini_pit_1, grid_room_1, main_hall_1, silver_pit, the_coven_2,
          the_vestibule_1, steel_vault_2, golden_pit, hallway_of_sentries,
          crystal_vault_2, iron_vault_3, final_vault]

Skill      XL: |  1  2  3  4  5  6 |
---------------+-------------------+-----
Axes           | 3 4 5 6 |  6.3
Fighting       | 4 5 6 |  6.5
Dodging        | 4 6 |  6.4
Shields        | 4 6 |  6.4
Invocations    | 1 4 7 8 |  8.2

Action                     |  1- 3 |  4- 6 || total
---------------------------+-------+-------++-------
  Melee: War axe           |    18 |    29 ||    47
         Constrict         |     6 |     3 ||     9
         Tentacles         |       |     7 ||     7
    Use: Potion            |     2 |       ||     2
   Stab: Sleeping          |     2 |       ||     2
 Armour: Skin              |     4 |     3 ||     7
  Dodge: Dodged            |    25 |    19 ||    44
  Block: Buckler           |    14 |    22 ||    36

Table legend: (Time is in decaauts)
 A = Elapsed time spent in this place.
 B = Non-inter-level travel time spent in this place.
 C = Inter-level travel time spent in this place.
 D = Time resting spent in this place.
 E = Time spent auto-exploring this place.
 F = Levels seen in this place.
 G = Mean time per level.
                   A        B        C        D        E       F      G
               +--------+--------+--------+--------+--------+-----+--------+
         Total |    845 |    822 |     23 |    638 |      0 |   1 |  845.0 |
       Dungeon |    845 |    822 |     23 |    638 |      0 |   1 |  845.0 |
               +--------+--------+--------+--------+--------+-----+--------+

Top non-repeatable levels by time:
       D: 845 daAuts
